 Dungeon Crawl Stone Soup version 0.30-a0-166-g5d06c95188 (webtiles) character file.

Game seed: 13864498484843356116

132652 qw the Severer (level 17, -11/108 HPs)
             Began as a Gargoyle Fighter on Sept 29, 2022.
             Was a High Priest of Okawaru.
             Mangled by a broodmother (15 damage)
             ... on level 2 of the Spider Nest.
             The game lasted 00:12:43 (28766 turns).

qw the Severer (Gargoyle Fighter)                  Turns: 28766, Time: 00:12:44

Health: -11/108    AC: 56    Str: 30    XL:     17   Next: 13%
Magic:  33/33      EV: 12    Int: 12    God:    Okawaru [*****.]
Gold:   936        SH: 18    Dex:  9    Spells: 16/16 levels left

rFire   . . .      SeeInvis +    m - +5 broad axe "Xirodgh" {venom, rPois rCorr Str+2}
rCold   . . .      Faith    .    p - +0 kite shield
rNeg    + + +      Spirit   .    a - +0 crystal plate armour of the Tormentor {-Cast rN+++ Str+3 Stlth+}
rPois   inf        Reflect  +    q - +3 hat of a volcano {rN+ MP+9 SInv}
rElec   +          Harm     .    t - +2 cloak {rCorr}
rCorr   +          Rampage  +    s - +2 pair of gloves
Will    +....      NoCast   +    h - +0 pair of boots of Idealism {Rampage}
Stlth   ..........               e - amulet of reflection
HPRegen 0.28/turn                k - +4 ring of protection
MPRegen 0.23/turn                v - +4 ring of evasion

@: about to teleport, heroic, flying
A: sickness immunity, AC +12, big wings, negative energy resistance 1,
electricity resistance, torment resistance 1, petrification resistance
a: Renounce Religion, Heroism, Finesse, Duel


You were on level 2 of the Spider Nest.
You worshipped Okawaru.
Okawaru was extremely pleased with you.
You visited 4 branches of the dungeon, and saw 24 of its levels.
You also visited: Gauntlet.

You collected 2780 gold pieces.
You spent 1844 gold pieces at shops.


Innate Abilities, Weirdness & Mutations

You are immune to sickness and miasma.
Your stone body is resilient. (AC +12)
You are immune to poison.
Your large and strong wings let you fly.
You resist negative energy. (rN+)
You are resistant to electric shocks. (rElec)
You are resistant to unholy torment.
You are immune to petrification.


   Skills:
 - Level 13.0(18.0) Fighting
 + Level 17.3(22.3) Axes
 - Level 7.0(12.0) Throwing
 - Level 15.0(20.0) Armour
 - Level 3.0(8.0) Dodging
 - Level 13.0(18.0) Shields
 - Level 10.0 Invocations


You had 16 spell levels left.
You didn't know any spells.
Your spell library was empty.

Inventory:

Hand Weapons
 c - the +4 broad axe "Erui" {vorpal, rElec rCorr MP-9 Stlth-}
   (Okawaru gifted it to you on level 3 of the Lair of Beasts)

   It inflicts extra damage upon your enemies.
   rElec:     It insulates you from electricity.
   MP:        It affects your magic capacity (-9).
   rCorr:     It protects you from acid and corrosion.
   Stlth:     It makes you less stealthy.
 m - the +5 broad axe "Xirodgh" (weapon) {venom, rPois rCorr Str+2}
   (Okawaru gifted it to you on level 4 of the Lair of Beasts)

   It poisons the flesh of those it strikes.
   Str:       It affects your strength (+2).
   rPois:     It protects you from poison.
   rCorr:     It protects you from acid and corrosion.
 u - a +3 broad axe of flaming
Missiles
 y - 4 boomerangs
 A - 4 silver boomerangs
 D - 5 javelins (quivered)
 E - a silver javelin
Armour
 a - the +0 crystal plate armour of the Tormentor (worn) {-Cast rN+++ Str+3 Stlth+}
   (Okawaru gifted it to you on level 2 of the Lair of Beasts)

   Str:       It affects your strength (+3).
   rN:        It renders you almost immune to negative energy.
   -Cast:     It prevents spellcasting.
   Stlth:     It makes you more stealthy.
 h - the +0 pair of boots of Idealism (worn) {Rampage}
   (Okawaru gifted it to you on level 15 of the Dungeon)

   Rampage:   It bestows one free step when moving towards enemies.
 p - a +0 kite shield (worn)
 q - the +3 hat of a volcano (worn) {rN+ MP+9 SInv}
   (Okawaru gifted it to you on level 5 of the Lair of Beasts)

   rN:        It protects you from negative energy.
   MP:        It affects your magic capacity (+9).
   SInv:      It lets you see invisible.
 s - a +2 pair of gloves (worn)
 t - a +2 cloak of preservation (worn)
Jewellery
 e - an amulet of reflection (around neck)
 k - a +4 ring of protection (left hand)
 v - a +4 ring of evasion (right hand)
Scrolls
 f - 12 scrolls of identify
 l - a scroll of teleportation
 w - a scroll of enchant weapon
 C - 5 scrolls of enchant armour
Potions
 b - 4 potions of mutation
 d - 7 potions of might
 g - 6 potions of lignification
 i - 3 potions of attraction
 j - 3 potions of resistance
 n - 2 potions of magic
 o - 5 potions of haste
 r - 10 potions of curing
 z - 2 potions of cancellation

Dungeon Overview and Level Annotations

Branches:
Dungeon (15/15)            Temple (0/1) D:4            Lair (5/5) D:9
  Swamp (0/4) Lair:3       Spider (2/4) Lair:3        Slime (0/5) Lair:5
    Orc (2/2) D:10            Elf (0/3) Orc:2        Vaults (0/5) D:13
 Depths (0/4) D:15        Gauntlet (visited)

Altars:
Ashenzari
Cheibriados
Fedhas
Gozag
Makhleb
Okawaru
Qazlal
Ru
Sif Muna
Trog
Uskayaw
Vehumet
The Shining One
Jiyva

Shops:
D:2 (   D:8 (([*   D:14 (   Orc:2 **?!

Portals:
Trove: D:12 (give 7 scrolls of fog)

Annotations:
D:13 4 transporters
Lair:2 3 runed translucent doors, Ciovowug's ghost, journeyman DrTm
Lair:3 2 transporters, qw's ghost, journeyman GrFi
Lair:5 2 transporters, 2 runed translucent doors, qw's ghost, journeyman GrFi


Message History

You block the redback simulacrum's attack.
You block the redback's attack.
You closely miss the wolf spider. You closely miss the redback.
You slash the redback simulacrum! Okawaru accepts your kill.
You feel a bit more experienced. You block the wolf spider's attack.
The wolf spider closely misses you.
You block the redback simulacrum's attack.
The redback bites you but does no damage.
A broodmother comes into view.
The broodmother's many legs skitter.
You hit the redback simulacrum.
The redback simulacrum is heavily damaged.
You slash the wolf spider!
The wolf spider is poisoned.
You slice the redback!!
The redback is poisoned.
You kill the redback!
Okawaru accepts your kill. x2
You feel a bit more experienced.
The jumping spider leaps!
You block the wolf spider's attack. x2
The redback simulacrum bites you but does no damage.
You barely miss the redback simulacrum.
The redback simulacrum is heavily damaged.
You hit the wolf spider.
The wolf spider looks as sick as possible!
Your surroundings suddenly seem different.
A wolf spider and a jumping spider come into view.
The wolf spider's many legs skitter.
The jumping spider's many legs skitter faintly.
28765 ||| READING 2 scrolls of teleportation.
As you read the scroll of teleportation, it crumbles to dust.
You feel strangely unstable.
The jumping spider pounces on you but does no damage.
You block the jumping spider's attack.
You slice the broodmother!!
The broodmother looks as sick as possible!
The broodmother is lightly wounded.
You barely miss the jumping spider. You closely miss the wolf spider.
You block the wolf spider's attack. x2; The jumping spider leaps!
The broodmother bites you!
You die...

. #...?.s# .# . ..#..
...#..#^^ ^ #
........^....Z.^# ^ #.
... .^###...#<.^0>.^
.#. .. ....#....^#.#^
..#. #. ..#..s.#..^^^^^
#...#.##..##.....#.....
#....s..s.#..#.##..#.
#.@s.##..#..#.#..#.
##0.....#..Z.^.. ..
.#.##.#..#..Z...#.
^.....#. .^s.?..ss
.#......#.##^.#..##
..#.#!......^#.%%#s
^.[..#...#.#...%[0s
#.......#......00s
.#...y#sZZ.#.##(..


You could see a broodmother (extremely poisoned), a wolf spider and a jumping
spider.

Vanquished Creatures
  Donald (Orc:2)
  A ghost moth (Spider:1)
  2 broodmothers (Spider:2)
  Nessos (D:12)
  A dire elephant (Lair:5)
  A spark wasp (Spider:1)
  A minotaur (Gauntlet)
  An entropy weaver (Spider:1)
  Josephine (Orc:2)
  7 hydras
  A vault guard (D:13)
  Erolcha (D:12)
  3 centaur warriors
  11 two-headed ogres
  2 ogre magi (D:15)
  10 boulder beetles
  2 catoblepae
  A death knight (D:14)
  A tengu warrior (D:15)
  6 death yaks
  3 orc high priests
  Urug (D:12)
  Sonja (Orc:1)
  A wretched star (Gauntlet)
  2 fire crabs (Lair:5)
  3 pharaoh ants
  12 skeletal warriors
  An orb spider (Spider:2)
  3 sun moths
  2 steelbarb worms
  A wizard (D:13)
  A lindwurm (Lair:5)
  2 orc knights
  Pikel (D:4)
  A deep elf pyromancer (D:13)
  A deep elf zephyrmancer (D:15)
  8 orc sorcerers
  3 necromancers (D:13)
  4 oklob plants
  8 wolf spiders
  A cyclops (D:13)
  5 manticores
  2 moths of wrath
  A salamander (D:15)
  16 elephants
  A moth of wrath (shapeshifter) (D:15)
  A rust devil (Gauntlet)
  A black mamba (shapeshifter) (D:13)
  7 black mambas
  3 molten gargoyles (Lair:5)
  A gargoyle (D:9)
  3 torpor snails
  5 demonic crawlers
  6 rime drakes
  2 unseen horrors
  2 kobold demonologists
  14 cane toads
  5 komodo dragons
  2 polar bears
  A queen bee (shapeshifter) (D:9)
  8 trolls
  3 slime creatures (D:13)
  A meliai (D:10)
  19 tarantellas
  15 blink frogs
  11 dream sheep (Lair:4)
  12 jumping spiders
  A ynoxinul (Gauntlet)
  7 wyverns
  A spriggan (Lair:2)
  11 culicivoras
  2 vampires
  8 wraiths
  A shadow (D:11)
  41 yaks
  2 neqoxecs (Gauntlet)
  18 humans (D:13)
  10 basilisks
  5 hogs (D:12)
  35 redbacks
  Grum (D:8)
  3 steam dragons
  8 wargs
  2 vampire mosquitoes (D:9)
  Edmund (D:4)
  2 acid dragons
  10 water moccasins
  4 hell hounds (Lair:5)
  3 ice beasts
  22 orc warriors
  A black bear (shapeshifter) (D:14)
  14 ogres
  2 black bears
  10 wolves
  9 centaurs
  A lemure (D:4)
  A kobold brigand (D:8)
  4 gnoll sergeants
  A necrophage (D:5)
  11 bullfrogs
  11 wights
  12 killer bees
  3 electric eels
  6 howler monkeys
  5 lava snakes (Lair:5)
  2 jellies
  3 hounds
  22 orc priests
  4 iron imps (Gauntlet)
  33 orc wizards
  5 iguanas
  3 hell rats (Lair:5)
  30 gnolls
  8 adders
  15 white imps
  A worm (D:2)
  3 dart slugs
  68 orcs
  8 ball pythons
  7 bats
  5 endoplasms
  5 giant cockroaches
  7 goblins
  4 hobgoblins
  3 quokkas
  5 frilled lizards
  16 kobolds
  4 rats
  A bush (Lair:4)
813 creatures vanquished.

Vanquished Creatures (others)
  Kirke (D:12)
  A kobold brigand (D:11)
  30 fungi
  49 plants
81 creatures vanquished.

Grand Total: 894 creatures vanquished

Notes
Turn   | Place    | Note
-------+----------+-------------------------------------------
     0 | D:1      | qw the Gargoyle Fighter began the quest for the Orb.
     0 | D:1      | Reached XP level 1. HP: 14/14 MP: 1/1
     0 | D:1      | 0 ||| qw: Version: 0.2-a-12-gaebbb33
     0 | D:1      | 0 ||| qw: Game counter: 1041
     0 | D:1      | 0 ||| qw: Always use a shield: true
     0 | D:1      | 0 ||| qw: God list: Okawaru
     0 | D:1      | 0 ||| qw: Allow faded altars: false
     0 | D:1      | 0 ||| qw: Do Orc after D:15 true
     0 | D:1      | 0 ||| qw: Do second Lair branch before Depths: true
     0 | D:1      | 0 ||| qw: Lair rune preference: random
     0 | D:1      | 0 ||| qw: Plans: Normal, Zot:1-4, God:TSO, Crypt, Tomb,
                  | Pan, Slime:5, Hells, Abyss, Orb
     0 | D:1      | 0 ||| PLANNING D:1-11
   257 | D:1      | Reached skill level 2 in Axes
   395 | D:1      | Reached XP level 2. HP: 18/19 MP: 2/2
   504 | D:1      | 504 ||| DROPPING +0 club.
   699 | D:1      | Reached skill level 3 in Axes
  1026 | D:1      | Reached XP level 3. HP: 23/23 MP: 3/3
  1228 | D:1      | 1228 ||| UPGRADING to +4 ring of protection.
  1229 | D:1      | 1229 ||| READING 2 scrolls labelled TOOJAH DAES.
  1232 | D:1      | 1232 ||| READING 2 scrolls labelled UHACWEYLULL.
  1233 | D:1      | 1233 ||| READING scroll labelled CIZ KUYPLIU.
  1470 | D:2      | 1470 ||| Stepping ~*~*~tactically~*~*~ (hiding).
  1484 | D:2      | Reached XP level 4. HP: 24/28 MP: 4/4
  1522 | D:2      | 1522 ||| DROPPING +0 whip.
  1536 | D:2      | Reached skill level 4 in Axes
  1580 | D:2      | 1580 ||| Stepping ~*~*~tactically~*~*~ (stealth).
  1625 | D:2      | Found Novamock's Antique Weapon Shop.
  1629 | D:2      | 1629 ||| SHOPLISTING glowing war axe (130 gold, have 93).
  1629 | D:2      | 1629 ||| SHOPLISTING runed war axe (130 gold, have 93).
  2023 | D:2      | 2023 ||| READING 2 scrolls labelled QIMOCODUNT.
  2024 | D:2      | 2024 ||| DRINKING 2 silvery potions.
  2058 | D:2      | 2058 ||| DROPPING scroll of poison.
  2069 | D:3      | 2069 ||| Stepping ~*~*~tactically~*~*~ (stealth).
  2078 | D:3      | 2078 ||| Stepping ~*~*~tactically~*~*~ (stealth).
  2090 | D:3      | Reached XP level 5. HP: 26/32 MP: 5/5
  2183 | D:3      | Found a radiant altar of Vehumet.
  2297 | D:3      | 2297 ||| Stepping ~*~*~tactically~*~*~ (stealth).
  2298 | D:3      | 2298 ||| DROPPING +0 flail.
  2301 | D:3      | 2301 ||| Stepping ~*~*~tactically~*~*~ (stealth).
  2305 | D:3      | 2305 ||| Stepping ~*~*~tactically~*~*~ (stealth).
  2305 | D:3      | Found an iron altar of Okawaru.
  2306 | D:3      | 2306 ||| PLANNING OKAWARU WORSHIP
  2306 | D:3      | 2306 ||| FLEEEEING.
  2307 | D:3      | 2307 ||| FLEEEEING.
  2308 | D:3      | 2308 ||| FLEEEEING.
  2309 | D:3      | 2309 ||| FLEEEEING.
  2310 | D:3      | 2310 ||| FLEEEEING.
  2311 | D:3      | 2311 ||| FLEEEEING.
  2312 | D:3      | 2312 ||| FLEEEEING.
  2313 | D:3      | 2313 ||| FLEEEEING.
  2315 | D:3      | 2315 ||| FLEEEEING.
  2316 | D:3      | 2316 ||| FLEEEEING.
  2317 | D:3      | 2317 ||| FLEEEEING.
  2326 | D:3      | Reached skill level 5 in Axes
  2331 | D:3      | Reached skill level 1 in Throwing
  2451 | D:3      | 2451 ||| Stepping ~*~*~tactically~*~*~ (stealth).
  2452 | D:3      | 2452 ||| Stepping ~*~*~tactically~*~*~ (stealth).
  2476 | D:3      | Reached XP level 6. HP: 24/38 MP: 6/6
  2552 | D:3      | 2552 ||| FLEEEEING.
  2595 | D:3      | 2595 ||| FLEEEEING.
  2599 | D:3      | 2599 ||| FLEEEEING.
  2600 | D:3      | 2600 ||| FLEEEEING.
  2607 | D:3      | 2607 ||| FLEEEEING.
  2608 | D:3      | 2608 ||| FLEEEEING.
  2609 | D:3      | 2609 ||| FLEEEEING.
  2610 | D:3      | 2610 ||| FLEEEEING.
  2611 | D:3      | 2611 ||| FLEEEEING.
  2618 | D:3      | 2618 ||| FLEEEEING.
  2621 | D:3      | 2621 ||| STAIRDANCE
  2625 | D:3      | 2625 ||| STAIRDANCE
  2632 | D:3      | 2632 ||| STAIRDANCE
  2668 | D:3      | 2668 ||| READING 2 scrolls of identify.
  2668 | D:3      | 2668 ||| IDENTIFYING smoky brown potion
  2669 | D:3      | Became a worshipper of Warmaster Okawaru
  2670 | D:3      | 2670 ||| PLANNING D:1-11
  2761 | D:3      | 2761 ||| Stepping ~*~*~tactically~*~*~ (stealth).
  2769 | D:3      | Reached skill level 1 in Dodging
  2782 | D:3      | Found a bloodstained altar of Trog.
  2836 | D:3      | 2836 ||| Stepping ~*~*~tactically~*~*~ (stealth).
  2949 | D:3      | 2949 ||| Stepping ~*~*~tactically~*~*~ (stealth).
  3258 | D:3      | 3258 ||| Stepping ~*~*~tactically~*~*~ (stealth).
  3371 | D:3      | 3371 ||| Stepping ~*~*~tactically~*~*~ (stealth).
  3373 | D:3      | 3373 ||| Stepping ~*~*~tactically~*~*~ (stealth).
  3512 | D:3      | 3512 ||| READING scroll labelled HOAFETOPIOC.
  3513 | D:3      | 3513 ||| DRINKING 3 orange potions.
  3594 | D:4      | 3594 ||| Stepping ~*~*~tactically~*~*~ (stealth).
  3595 | D:4      | 3595 ||| Stepping ~*~*~tactically~*~*~ (stealth).
  3609 | D:4      | 3609 ||| Stepping ~*~*~tactically~*~*~ (stealth).
  3628 | D:4      | 3628 ||| Stepping ~*~*~tactically~*~*~ (stealth).
  3630 | D:4      | 3630 ||| Stepping ~*~*~tactically~*~*~ (hiding).
  3866 | D:4      | Found a staircase to the Ecumenical Temple.
  4110 | D:4      | Noticed Pikel
  4111 | D:4      | 4111 ||| Stepping ~*~*~tactically~*~*~ (stealth).
  4135 | D:4      | Killed Pikel
  4135 | D:4      | Reached * piety under Okawaru
  4135 | D:4      | Reached ** piety under Okawaru
  4136 | D:4      | Reached skill level 7 in Axes
  4136 | D:4      | Reached XP level 7. HP: 24/43 MP: 7/7
  4136 | D:4      | Reached XP level 8. HP: 27/48 MP: 8/8
  4378 | D:4      | Noticed Edmund
  4379 | D:4      | 4379 ||| INVOKING Heroism.
  4387 | D:4      | Killed Edmund
  4387 | D:4      | Reached *** piety under Okawaru
  4388 | D:4      | Reached skill level 1 in Invocations
  4543 | D:4      | 4543 ||| UPGRADING to +0 chain mail.
  4553 | D:4      | 4553 ||| DROPPING +0 scale mail.
  4554 | D:4      | 4554 ||| READING scroll labelled VOBANOTSIN.
  4555 | D:4      | 4555 ||| READING scroll labelled ZUOBLA JOTIHEX.
  4556 | D:4      | 4556 ||| DRINKING 2 purple potions.
  4570 | D:4      | 4570 ||| STAIRDANCE
  4574 | D:4      | 4574 ||| STAIRDANCE
  4578 | D:4      | 4578 ||| STAIRDANCE
  4582 | D:4      | 4582 ||| STAIRDANCE
  4586 | D:4      | 4586 ||| STAIRDANCE
  4590 | D:4      | 4590 ||| STAIRDANCE
  4594 | D:4      | 4594 ||| STAIRDANCE
  4598 | D:4      | 4598 ||| STAIRDANCE
  4602 | D:4      | 4602 ||| STAIRDANCE
  4606 | D:4      | 4606 ||| STAIRDANCE
  4610 | D:4      | 4610 ||| STAIRDANCE
  4614 | D:4      | 4614 ||| STAIRDANCE
  4618 | D:4      | 4618 ||| STAIRDANCE
  4622 | D:4      | 4622 ||| STAIRDANCE
  4626 | D:4      | 4626 ||| STAIRDANCE
  4630 | D:4      | 4630 ||| STAIRDANCE
  4634 | D:4      | 4634 ||| STAIRDANCE
  4638 | D:4      | 4638 ||| STAIRDANCE
  4642 | D:4      | 4642 ||| STAIRDANCE
  4646 | D:4      | 4646 ||| STAIRDANCE
  4789 | D:5      | Entered Level 5 of the Dungeon
  4926 | D:5      | 4926 ||| Stepping ~*~*~tactically~*~*~ (stealth).
  4992 | D:5      | 4992 ||| Stepping ~*~*~tactically~*~*~ (stealth).
  5084 | D:5      | 5084 ||| INVOKING Heroism.
  5174 | D:5      | Reached skill level 3 in Invocations
  5196 | D:5      | 5196 ||| INVOKING Heroism.
  5224 | D:5      | 5224 ||| Stepping ~*~*~tactically~*~*~ (stealth).
  5235 | D:5      | Found an opulent altar of Gozag.
  5253 | D:5      | Found a shimmering blue altar of Sif Muna.
  5296 | D:5      | 5296 ||| INVOKING Heroism.
  5321 | D:5      | 5321 ||| INVOKING Heroism.
  5335 | D:5      | Reached skill level 8 in Axes
  5340 | D:5      | Found a burning altar of Makhleb.
  5518 | D:5      | 5518 ||| INVOKING Heroism.
  5829 | D:5      | 5829 ||| READING 2 scrolls of identify.
  5829 | D:5      | 5829 ||| IDENTIFYING coppery potion
  5830 | D:5      | 5830 ||| DROPPING potion of ambrosia.
  5881 | D:6      | Noticed a wraith
  5893 | D:6      | 5893 ||| INVOKING Heroism.
  5898 | D:6      | Killed a wraith
  5899 | D:6      | Reached skill level 6 in Fighting
  6033 | D:6      | Noticed a boulder beetle
  6034 | D:6      | 6034 ||| INVOKING Heroism.
  6040 | D:6      | Noticed a yak
  6048 | D:6      | Killed a yak
  6049 | D:6      | Reached XP level 9. HP: 30/55 MP: 10/12
  6054 | D:6      | 6054 ||| INVOKING Heroism.
  6079 | D:6      | Killed a boulder beetle
  6079 | D:6      | Reached **** piety under Okawaru
  6080 | D:6      | Reached skill level 9 in Axes
  6413 | D:6      | 6413 ||| INVOKING Heroism.
  6420 | D:6      | 6420 ||| Stepping ~*~*~tactically~*~*~ (stealth).
  6458 | D:6      | 6458 ||| INVOKING Heroism.
  6733 | D:6      | 6733 ||| Stepping ~*~*~tactically~*~*~ (stealth).
  6735 | D:6      | 6735 ||| STAIRDANCE
  6935 | D:6      | Identified the +1 chain mail "Tyschannu" {Int+3 Dex+4}
  7023 | D:6      | 7023 ||| DROPPING +2 flail of protection.
  7190 | D:6      | 7190 ||| INVOKING Heroism.
  7295 | D:6      | 7295 ||| UPGRADING to +1 chain mail "Tyschannu" {Int+3
                  | Dex+4}.
  7305 | D:6      | 7305 ||| DROPPING +0 chain mail.
  7306 | D:6      | 7306 ||| READING scroll labelled CUPYSI HYCYFEKH.
  7307 | D:6      | 7307 ||| READING 2 scrolls of identify.
  7307 | D:6      | 7307 ||| IDENTIFYING white potion
  7472 | D:7      | 7472 ||| Stepping ~*~*~tactically~*~*~ (stealth).
  7487 | D:7      | Reached skill level 6 in Invocations
  7501 | D:7      | Found a hide-covered altar of Uskayaw.
  7502 | D:7      | 7502 ||| Stepping ~*~*~tactically~*~*~ (stealth).
  7504 | D:7      | 7504 ||| INVOKING Heroism.
  7517 | D:7      | Reached ***** piety under Okawaru
  7524 | D:7      | Reached XP level 10. HP: 60/61 MP: 14/14
  8047 | D:7      | 8047 ||| Stepping ~*~*~tactically~*~*~ (stealth).
  8097 | D:7      | 8097 ||| READING 2 scrolls of identify.
  8097 | D:7      | 8097 ||| IDENTIFYING smoky inky potion
  8118 | D:8      | 8118 ||| Stepping ~*~*~tactically~*~*~ (hiding).
  8122 | D:8      | 8122 ||| INVOKING Heroism.
  8174 | D:8      | 8174 ||| INVOKING Heroism.
  8197 | D:8      | 8197 ||| INVOKING Heroism.
  8246 | D:8      | 8246 ||| Stepping ~*~*~tactically~*~*~ (stealth).
  8285 | D:8      | Found Ohocuh's Antique Weapon Shoppe.
  8286 | D:8      | Found Fots's Armour Boutique.
  8299 | D:8      | Noticed Grum
  8300 | D:8      | 8300 ||| INVOKING Heroism.
  8301 | D:8      | 8301 ||| INVOKING Finesse.
  8302 | D:8      | 8302 ||| INVOKING Finesse.
  8318 | D:8      | Killed Grum
  8331 | D:8      | Received a gift from Okawaru
  8365 | D:8      | 8365 ||| BUYING +0 pair of gloves (67 gold).
  8365 | D:8      | Bought a +0 pair of gloves for 67 gold pieces
  8365 | D:8      | 8365 ||| BUYING +0 plate armour (345 gold).
  8365 | D:8      | Bought a +0 plate armour for 345 gold pieces
  8365 | D:8      | 8365 ||| SHOPLISTING +8 plate armour of ponderousness (600
                  | gold, have 14).
  8378 | D:8      | Found a glowing golden altar of the Shining One.
  8388 | D:8      | Found Fef Zoe's General Store.
  8426 | D:8      | 8426 ||| SHOPLISTING potion of heal wounds (80 gold, have
                  | 41).
  8426 | D:8      | 8426 ||| BUYING scroll of identify (32 gold).
  8426 | D:8      | Bought a scroll of identify for 32 gold pieces
  8511 | D:8      | Found Vinelob's Weapon Boutique.
  8659 | D:8      | 8659 ||| UPGRADING to +0 kite shield.
  8669 | D:8      | 8669 ||| DROPPING +0 buckler.
  8670 | D:8      | 8670 ||| UPGRADING to +0 pair of gloves.
  8675 | D:8      | 8675 ||| UPGRADING to +0 plate armour.
  8685 | D:8      | 8685 ||| DROPPING +1 chain mail "Tyschannu" {Int+3 Dex+4}.
  8686 | D:8      | 8686 ||| READING scroll labelled MIAGOE AMYOTO.
  8687 | D:8      | 8687 ||| READING 4 scrolls of identify.
  8687 | D:8      | 8687 ||| IDENTIFYING fuming red potion
  8688 | D:8      | 8688 ||| READING 3 scrolls of identify.
  8688 | D:8      | 8688 ||| IDENTIFYING fuming emerald potion
  8689 | D:8      | 8689 ||| READING 2 scrolls of identify.
  8689 | D:8      | 8689 ||| IDENTIFYING glowing golden potion
  8690 | D:8      | 8690 ||| DROPPING potion of flight.
  8691 | D:8      | 8691 ||| DROPPING potion of brilliance.
  8729 | D:9      | Noticed a two-headed ogre
  8730 | D:9      | 8730 ||| STAIRDANCE
  8808 | D:9      | 8808 ||| STAIRDANCE
  8810 | D:8      | 8810 ||| INVOKING Heroism.
  8818 | D:8      | HP: 14/63 [two-headed ogre/+0 giant club (14)]
  8819 | D:8      | 8819 ||| READING 3 scrolls of teleportation.
  8821 | D:8      | Killed a two-headed ogre
  8823 | D:8      | HP: 6/63 [killer bee (1)]
  8859 | D:8      | 8859 ||| INVOKING Heroism.
  8864 | D:8      | 8864 ||| READING 2 scrolls of teleportation.
  8869 | D:8      | 8869 ||| READING scroll of teleportation.
  9130 | D:9      | 9130 ||| STAIRDANCE
  9142 | D:8      | 9142 ||| INVOKING Heroism.
  9279 | D:9      | Found a snail-covered altar of Cheibriados.
  9370 | D:9      | 9370 ||| INVOKING Heroism.
  9374 | D:9      | Reached skill level 6 in Shields
  9386 | D:9      | 9386 ||| Stepping ~*~*~tactically~*~*~ (stealth).
  9389 | D:9      | 9389 ||| Stepping ~*~*~tactically~*~*~ (stealth).
  9405 | D:9      | 9405 ||| INVOKING Heroism.
  9408 | D:9      | Reached skill level 9 in Invocations
  9431 | D:9      | Received a gift from Okawaru
  9432 | D:9      | Reached XP level 11. HP: 26/67 MP: 16/18
  9444 | D:9      | 9444 ||| INVOKING Heroism.
  9446 | D:9      | 9446 ||| FLEEEEING.
  9649 | D:9      | Found a staircase to the Lair.
  9702 | D:9      | Found a stormy altar of Qazlal.
  9707 | D:9      | 9707 ||| READING 3 scrolls of enchant armour.
  9707 | D:9      | 9707 ||| ENCHANTING +0 pair of gloves.
  9708 | D:9      | 9708 ||| READING 2 scrolls of enchant armour.
  9708 | D:9      | 9708 ||| ENCHANTING +1 pair of gloves.
  9709 | D:9      | 9709 ||| READING scroll of enchant armour.
  9709 | D:9      | 9709 ||| ENCHANTING +0 plate armour.
  9727 | D:9      | Found a broken altar of Ashenzari.
 10019 | D:9      | 10019 ||| Stepping ~*~*~tactically~*~*~ (stealth).
 10120 | D:9      | 10120 ||| INVOKING Heroism.
 10155 | D:9      | 10155 ||| Stepping ~*~*~tactically~*~*~ (stealth).
 10185 | D:9      | 10185 ||| Stepping ~*~*~tactically~*~*~ (stealth).
 10193 | D:9      | 10193 ||| INVOKING Heroism.
 10376 | D:9      | 10376 ||| PLANNING LAIR
 10376 | D:9      | 10376 ||| READING scroll labelled HOLUNT XUMIAT.
 10377 | D:9      | 10377 ||| READING scroll labelled AKOV ZAIC OXEO.
 10426 | Lair:1   | Entered Level 1 of the Lair of Beasts
 10473 | Lair:1   | Found a blossoming altar of Fedhas.
 10475 | Lair:1   | Noticed an oklob plant
 10476 | Lair:1   | 10476 ||| INVOKING Heroism.
 10477 | Lair:1   | 10477 ||| INVOKING Finesse.
 10478 | Lair:1   | Noticed an oklob plant
 10496 | Lair:1   | Killed an oklob plant
 10503 | Lair:1   | HP: 15/67 [oklob plant/splash of acid (15)]
 10506 | Lair:1   | HP: 7/67 [oklob plant/splash of acid (8)]
 10507 | Lair:1   | Killed an oklob plant
 10993 | Lair:1   | 10993 ||| Stepping ~*~*~tactically~*~*~ (stealth).
 11004 | Lair:1   | 11004 ||| Stepping ~*~*~tactically~*~*~ (stealth).
 11006 | Lair:1   | 11006 ||| INVOKING Heroism.
 11021 | Lair:1   | Reached skill level 6 in Armour
 11032 | Lair:1   | 11032 ||| INVOKING Heroism.
 11049 | Lair:1   | Reached skill level 9 in Shields
 11181 | Lair:1   | 11181 ||| INVOKING Heroism.
 11189 | Lair:1   | Reached skill level 10 in Axes
 11283 | Lair:1   | 11283 ||| READING scroll of brand weapon.
 11283 | Lair:1   | 11283 ||| BRANDING +1 war axe of protection.
 11367 | Lair:1   | 11367 ||| INVOKING Heroism.
 11381 | Lair:1   | 11381 ||| Stepping ~*~*~tactically~*~*~ (stealth).
 11382 | Lair:1   | 11382 ||| Stepping ~*~*~tactically~*~*~ (stealth).
 11383 | Lair:1   | 11383 ||| Stepping ~*~*~tactically~*~*~ (stealth).
 11385 | Lair:1   | 11385 ||| Stepping ~*~*~tactically~*~*~ (stealth).
 11432 | Lair:1   | 11432 ||| Stepping ~*~*~tactically~*~*~ (stealth).
 11465 | Lair:1   | 11465 ||| INVOKING Heroism.
 11537 | Lair:1   | 11537 ||| Stepping ~*~*~tactically~*~*~ (stealth).
 11541 | Lair:1   | 11541 ||| INVOKING Heroism.
 11673 | Lair:1   | 11673 ||| Stepping ~*~*~tactically~*~*~ (stealth).
 11675 | Lair:1   | 11675 ||| INVOKING Heroism.
 11676 | Lair:1   | 11676 ||| Stepping ~*~*~tactically~*~*~ (stealth).
 11687 | Lair:1   | Reached skill level 11 in Axes
 11698 | Lair:1   | Reached XP level 12. HP: 67/73 MP: 19/19
 11708 | Lair:1   | Reached ****** piety under Okawaru
 11708 | Lair:1   | Received a gift from Okawaru
 11971 | Lair:2   | Found a runed translucent gate.
 11971 | Lair:2   | Found a runed translucent gate.
 11973 | Lair:2   | Found a runed translucent gate.
 11974 | Lair:2   | Noticed Ciovowug's ghost (journeyman DrTm)
 12025 | Lair:2   | 12025 ||| INVOKING Heroism.
 12041 | Lair:2   | Identified the +0 crystal plate armour of the Tormentor
                  | {-Cast rN+++ Str+3 Stlth+} (Okawaru gifted it to you on
                  | level 2 of the Lair of Beasts)
 12041 | Lair:2   | Received a gift from Okawaru
 12129 | Lair:2   | Noticed a seven-headed hydra
 12132 | Lair:2   | 12132 ||| INVOKING Heroism.
 12133 | Lair:2   | 12133 ||| SWAPPING to +1 war axe of flaming.
 12142 | Lair:2   | Killed a one-headed hydra
 12143 | Lair:2   | 12143 ||| SWAPPING to +1 spectral war axe.
 12266 | Lair:2   | Noticed a catoblepas
 12267 | Lair:2   | 12267 ||| INVOKING Heroism.
 12268 | Lair:2   | 12268 ||| INVOKING Finesse.
 12274 | Lair:2   | Killed a catoblepas
 12275 | Lair:2   | Reached skill level 9 in Fighting
 12340 | Lair:2   | 12340 ||| INVOKING Heroism.
 12381 | Lair:2   | 12381 ||| Stepping ~*~*~tactically~*~*~ (stealth).
 12435 | Lair:2   | 12435 ||| Stepping ~*~*~tactically~*~*~ (hiding).
 12438 | Lair:2   | 12438 ||| Stepping ~*~*~tactically~*~*~ (stealth).
 12439 | Lair:2   | 12439 ||| Stepping ~*~*~tactically~*~*~ (stealth).
 12440 | Lair:2   | 12440 ||| Stepping ~*~*~tactically~*~*~ (stealth).
 12441 | Lair:2   | 12441 ||| Stepping ~*~*~tactically~*~*~ (stealth).
 12442 | Lair:2   | 12442 ||| Stepping ~*~*~tactically~*~*~ (stealth).
 12443 | Lair:2   | 12443 ||| INVOKING Heroism.
 12470 | Lair:2   | 12470 ||| Stepping ~*~*~tactically~*~*~ (stealth).
 12512 | Lair:2   | Noticed a death yak
 12512 | Lair:2   | Noticed a death yak
 12513 | Lair:2   | 12513 ||| Stepping ~*~*~tactically~*~*~ (stealth).
 12514 | Lair:2   | 12514 ||| INVOKING Heroism.
 12515 | Lair:2   | 12515 ||| INVOKING Finesse.
 12523 | Lair:2   | Killed a death yak
 12523 | Lair:2   | Noticed a death yak
 12532 | Lair:2   | Killed a death yak
 12533 | Lair:2   | Reached skill level 12 in Axes
 12538 | Lair:2   | Killed a death yak
 12767 | Lair:2   | 12767 ||| FLEEEEING.
 12768 | Lair:2   | 12768 ||| FLEEEEING.
 12769 | Lair:2   | 12769 ||| INVOKING Heroism.
 12934 | Lair:2   | 12934 ||| INVOKING Heroism.
 13136 | Lair:2   | Noticed an eight-headed hydra
 13137 | Lair:2   | 13137 ||| INVOKING Heroism.
 13138 | Lair:2   | 13138 ||| INVOKING Finesse.
 13140 | Lair:2   | 13140 ||| SWAPPING to +1 war axe of flaming.
 13148 | Lair:2   | Killed a four-headed hydra
 13149 | Lair:2   | 13149 ||| SWAPPING to +1 spectral war axe.
 13422 | Lair:2   | Found a viscous altar of Jiyva.
 13423 | Lair:2   | 13423 ||| UPGRADING to +0 crystal plate armour of the
                  | Tormentor {-Cast rN+++ Str+3 Stlth+}.
 13433 | Lair:2   | 13433 ||| DROPPING +1 plate armour.
 13434 | Lair:2   | 13434 ||| DROPPING amulet of magic regeneration.
 13435 | Lair:2   | 13435 ||| DROPPING +6 ring of intelligence.
 13436 | Lair:2   | 13436 ||| READING scroll labelled IRGHOUTH ULADDEUT.
 13487 | Lair:2   | 13487 ||| READING 3 scrolls of identify.
 13487 | Lair:2   | 13487 ||| IDENTIFYING fuming dark potion
 13488 | Lair:2   | 13488 ||| DROPPING potion of berserk rage.
 13555 | Lair:3   | Reached XP level 13. HP: 68/80 MP: 20/20
 13638 | Lair:3   | Reached skill level 9 in Armour
 13677 | Lair:3   | 13677 ||| Stepping ~*~*~tactically~*~*~ (stealth).
 13678 | Lair:3   | 13678 ||| Stepping ~*~*~tactically~*~*~ (stealth).
 13706 | Lair:3   | Found a transporter.
 13709 | Lair:3   | Found a transporter.
 13863 | Lair:3   | 13863 ||| INVOKING Heroism.
 13864 | Lair:3   | 13864 ||| INVOKING Finesse.
 13886 | Lair:3   | Identified the +4 broad axe "Erui" {vorpal, rElec rCorr
                  | MP-9 Stlth-} (Okawaru gifted it to you on level 3 of the
                  | Lair of Beasts)
 13886 | Lair:3   | Received a gift from Okawaru
 13916 | Lair:3   | 13916 ||| SWAPPING to +4 broad axe "Erui" {vorpal, rElec
                  | rCorr MP-9 Stlth-}.
 13917 | Lair:3   | 13917 ||| DROPPING +1 spectral war axe.
 14001 | Lair:3   | Noticed qw's ghost (journeyman GrFi)
 14080 | Lair:3   | 14080 ||| Stepping ~*~*~tactically~*~*~ (stealth).
 14082 | Lair:3   | 14082 ||| Stepping ~*~*~tactically~*~*~ (stealth).
 14083 | Lair:3   | 14083 ||| Stepping ~*~*~tactically~*~*~ (stealth).
 14206 | Lair:3   | Found a hole to the Spider Nest.
 14222 | Lair:3   | 14222 ||| Stepping ~*~*~tactically~*~*~ (stealth).
 14229 | Lair:3   | 14229 ||| Stepping ~*~*~tactically~*~*~ (stealth).
 14288 | Lair:3   | 14288 ||| Stepping ~*~*~tactically~*~*~ (stealth).
 14292 | Lair:3   | 14292 ||| Stepping ~*~*~tactically~*~*~ (stealth).
 14303 | Lair:3   | 14303 ||| INVOKING Heroism.
 14469 | Lair:3   | Found a staircase to the Swamp.
 14524 | Lair:3   | Identified the +2 morningstar "ETAOIN SHRDLU" {elec, SInv}
                  | (Okawaru gifted it to you on level 3 of the Lair of Beasts)
 14524 | Lair:3   | Received a gift from Okawaru
 14684 | Lair:3   | 14684 ||| UPGRADING to amulet of reflection.
 14729 | Lair:4   | 14729 ||| PLANNING GAUNTLET
 14849 | Lair:4   | Found a gate leading to a gauntlet.
 14855 | Gauntlet | Entered a Gauntlet
 14855 | Gauntlet | Found a transporter.
 14855 | Gauntlet | Found a transporter.
 14867 | Gauntlet | Found a transporter.
 14885 | Gauntlet | Found a transporter.
 14885 | Gauntlet | Found a transporter.
 14885 | Gauntlet | Found a transporter.
 14887 | Gauntlet | Found a transporter.
 14887 | Gauntlet | Found a transporter.
 14890 | Gauntlet | Noticed a quicksilver ooze
 14901 | Gauntlet | Found a transporter.
 14917 | Gauntlet | Found a transporter.
 14927 | Gauntlet | Found a transporter.
 14932 | Gauntlet | Found a transporter.
 14974 | Gauntlet | Found a transporter.
 14975 | Gauntlet | Found a runed translucent door.
 14989 | Gauntlet | Found a transporter.
 15009 | Gauntlet | 15009 ||| Stepping randomly (stuck).
 15010 | Gauntlet | 15010 ||| Stepping randomly (stuck).
 15014 | Gauntlet | 15014 ||| INVOKING Heroism.
 15076 | Gauntlet | 15076 ||| INVOKING Heroism.
 15077 | Gauntlet | 15077 ||| INVOKING Finesse.
 15156 | Gauntlet | 15156 ||| INVOKING Heroism.
 15169 | Gauntlet | Gained mutation: You sometimes lose your temper in combat.
                  | [a neqoxec]
 15237 | Gauntlet | 15237 ||| DRINKING 3 potions of mutation.
 15237 | Gauntlet | Lost mutation: You sometimes lose your temper in combat.
                  | [potion of mutation]
 15237 | Gauntlet | Gained mutation: You sometimes lose your temper in combat.
                  | [potion of mutation]
 15237 | Gauntlet | Lost mutation: You sometimes lose your temper in combat.
                  | [potion of mutation]
 15250 | Gauntlet | 15250 ||| DROPPING scarf of invisibility.
 15276 | Gauntlet | Identified the +7 demon trident "Deab" {vamp, *Slow rElec
                  | rN+ Int+3}
 15276 | Gauntlet | Noticed a minotaur
 15277 | Gauntlet | 15277 ||| Stepping ~*~*~tactically~*~*~ (hiding).
 15282 | Gauntlet | 15282 ||| INVOKING Heroism.
 15283 | Gauntlet | 15283 ||| INVOKING Finesse.
 15300 | Gauntlet | Killed a minotaur
 15301 | Gauntlet | Reached skill level 13 in Axes
 15400 | Gauntlet | Identified the +7 war axe "Xeimuc" {drain, Str+4}
 15402 | Gauntlet | 15402 ||| DROPPING +7 war axe "Xeimuc" {drain, Str+4}.
 15409 | Gauntlet | 15409 ||| UPGRADING to +1 cloak of preservation.
 15414 | Gauntlet | 15414 ||| READING scroll labelled OGYAT HUECLOC.
 15418 | Lair:4   | 15418 ||| PLANNING LAIR
 15504 | Lair:4   | 15504 ||| Stepping ~*~*~tactically~*~*~ (hiding).
 15627 | Lair:4   | 15627 ||| INVOKING Heroism.
 15628 | Lair:4   | 15628 ||| INVOKING Finesse.
 15629 | Lair:4   | 15629 ||| INVOKING Finesse.
 15640 | Lair:4   | Reached skill level 3 in Throwing
 15713 | Lair:4   | 15713 ||| Stepping ~*~*~tactically~*~*~ (stealth).
 15715 | Lair:4   | 15715 ||| Stepping ~*~*~tactically~*~*~ (stealth).
 15728 | Lair:4   | 15728 ||| Stepping ~*~*~tactically~*~*~ (stealth).
 15817 | Lair:4   | 15817 ||| INVOKING Heroism.
 15821 | Lair:4   | 15821 ||| INVOKING Finesse.
 15848 | Lair:4   | Identified the +5 broad axe "Xirodgh" {venom, rPois rCorr
                  | Str+2} (Okawaru gifted it to you on level 4 of the Lair of
                  | Beasts)
 15848 | Lair:4   | Received a gift from Okawaru
 16001 | Lair:4   | 16001 ||| SWAPPING to +5 broad axe "Xirodgh" {venom, rPois
                  | rCorr Str+2}.
 16373 | Lair:5   | Entered Level 5 of the Lair of Beasts
 16374 | Lair:5   | 16374 ||| STAIRDANCE
 16376 | Lair:4   | 16376 ||| INVOKING Heroism.
 16421 | Lair:5   | 16421 ||| STAIRDANCE
 16423 | Lair:4   | 16423 ||| INVOKING Heroism.
 16438 | Lair:5   | 16438 ||| STAIRDANCE
 16489 | Lair:5   | 16489 ||| INVOKING Heroism.
 16497 | Lair:5   | Gained mutation: Your large and strong wings let you fly.
                  | [Gargoyle growth]
 16497 | Lair:5   | Reached XP level 14. HP: 88/88 MP: 19/21
 16523 | Lair:5   | 16523 ||| INVOKING Heroism.
 16553 | Lair:5   | Found a transporter.
 16561 | Lair:5   | Found a transporter.
 16599 | Lair:5   | Noticed qw's ghost (journeyman GrFi)
 16603 | Lair:5   | Found a bloodstained altar of Trog.
 16634 | Lair:5   | 16634 ||| INVOKING Heroism.
 16644 | Lair:5   | Reached skill level 12 in Armour
 16662 | Lair:5   | 16662 ||| INVOKING Heroism.
 16677 | Lair:5   | Found a staircase to the Slime Pits.
 16678 | Lair:5   | 16678 ||| INVOKING Finesse.
 16679 | Lair:5   | Found a viscous altar of Jiyva.
 16743 | Lair:5   | 16743 ||| INVOKING Heroism.
 16744 | Lair:5   | 16744 ||| INVOKING Finesse.
 16746 | Lair:5   | 16746 ||| SWAPPING to +1 war axe of flaming.
 16753 | Lair:5   | 16753 ||| SWAPPING to +5 broad axe "Xirodgh" {venom, rPois
                  | rCorr Str+2}.
 16816 | Lair:5   | 16816 ||| INVOKING Heroism.
 17163 | Lair:5   | 17163 ||| INVOKING Heroism.
 17164 | Lair:5   | 17164 ||| INVOKING Finesse.
 17166 | Lair:5   | 17166 ||| SWAPPING to +1 war axe of flaming.
 17173 | Lair:5   | Identified the +3 hat of a volcano {rN+ MP+9 SInv} (Okawaru
                  | gifted it to you on level 5 of the Lair of Beasts)
 17173 | Lair:5   | Received a gift from Okawaru
 17174 | Lair:5   | 17174 ||| SWAPPING to +5 broad axe "Xirodgh" {venom, rPois
                  | rCorr Str+2}.
 17175 | Lair:5   | 17175 ||| DRINKING 2 ruby potions.
 17176 | Lair:5   | 17176 ||| DROPPING potion of degeneration.
 17177 | Lair:5   | 17177 ||| Stepping randomly (cloudy).
 17188 | Lair:5   | Reached skill level 14 in Axes
 17188 | Lair:5   | 17188 ||| Stepping randomly (cloudy).
 17201 | Lair:5   | 17201 ||| Stepping ~*~*~tactically~*~*~ (stealth).
 17203 | Lair:5   | 17203 ||| Stepping ~*~*~tactically~*~*~ (stealth).
 17204 | Lair:5   | 17204 ||| Stepping ~*~*~tactically~*~*~ (stealth).
 17204 | Lair:5   | Found a large runed translucent door.
 17205 | Lair:5   | 17205 ||| Stepping ~*~*~tactically~*~*~ (stealth).
 17205 | Lair:5   | Found a large runed translucent door.
 17206 | Lair:5   | 17206 ||| Stepping ~*~*~tactically~*~*~ (stealth).
 17212 | Lair:5   | 17212 ||| Stepping ~*~*~tactically~*~*~ (stealth).
 17213 | Lair:5   | 17213 ||| Stepping ~*~*~tactically~*~*~ (stealth).
 17216 | Lair:5   | 17216 ||| Stepping ~*~*~tactically~*~*~ (stealth).
 17217 | Lair:5   | 17217 ||| Stepping ~*~*~tactically~*~*~ (stealth).
 17225 | Lair:5   | 17225 ||| Stepping ~*~*~tactically~*~*~ (stealth).
 17226 | Lair:5   | 17226 ||| Stepping ~*~*~tactically~*~*~ (stealth).
 17228 | Lair:5   | 17228 ||| Stepping ~*~*~tactically~*~*~ (stealth).
 17231 | Lair:5   | 17231 ||| Stepping ~*~*~tactically~*~*~ (stealth).
 17232 | Lair:5   | 17232 ||| Stepping ~*~*~tactically~*~*~ (stealth).
 17242 | Lair:5   | 17242 ||| Stepping ~*~*~tactically~*~*~ (stealth).
 17245 | Lair:5   | 17245 ||| Stepping ~*~*~tactically~*~*~ (stealth).
 17248 | Lair:5   | 17248 ||| Stepping ~*~*~tactically~*~*~ (stealth).
 17249 | Lair:5   | 17249 ||| Stepping ~*~*~tactically~*~*~ (stealth).
 17250 | Lair:5   | 17250 ||| Stepping ~*~*~tactically~*~*~ (stealth).
 17255 | Lair:5   | 17255 ||| Stepping ~*~*~tactically~*~*~ (stealth).
 17266 | Lair:5   | 17266 ||| INVOKING Heroism.
 17912 | Lair:5   | 17912 ||| INVOKING Heroism.
 17913 | Lair:5   | 17913 ||| INVOKING Finesse.
 17914 | Lair:5   | 17914 ||| SWAPPING to +1 war axe of flaming.
 17921 | Lair:5   | 17921 ||| SWAPPING to +5 broad axe "Xirodgh" {venom, rPois
                  | rCorr Str+2}.
 17953 | Lair:5   | 17953 ||| Stepping ~*~*~tactically~*~*~ (cloud).
 17986 | Lair:5   | Noticed a dire elephant
 17987 | Lair:5   | 17987 ||| Stepping ~*~*~tactically~*~*~ (hiding).
 17989 | Lair:5   | 17989 ||| INVOKING Heroism.
 18002 | Lair:5   | Killed a dire elephant
 18003 | Lair:5   | Reached skill level 12 in Shields
 18164 | Lair:5   | 18164 ||| PLANNING D:1-11
 18164 | Lair:5   | 18164 ||| UPGRADING to +3 hat of a volcano {rN+ MP+9 SInv}.
 18326 | D:10     | Entered Level 10 of the Dungeon
 18336 | D:10     | 18336 ||| Stepping ~*~*~tactically~*~*~ (hiding).
 18340 | D:10     | 18340 ||| Stepping ~*~*~tactically~*~*~ (stealth).
 18343 | D:10     | 18343 ||| Stepping ~*~*~tactically~*~*~ (hiding).
 18345 | D:10     | 18345 ||| Stepping ~*~*~tactically~*~*~ (hiding).
 18356 | D:10     | 18356 ||| INVOKING Heroism.
 18513 | D:10     | Found a sacrificial altar of Ru.
 18634 | D:10     | Found a staircase to the Orcish Mines.
 18758 | D:10     | 18758 ||| Stepping ~*~*~tactically~*~*~ (hiding).
 19003 | D:10     | 19003 ||| DRINKING 7 potions of curing.
 19003 | D:10     | 19003 ||| (to cure confusion)
 19152 | D:10     | 19152 ||| INVOKING Heroism.
 19211 | D:10     | 19211 ||| UPGRADING to +4 ring of evasion.
 19253 | D:11     | 19253 ||| STAIRDANCE
 19331 | D:11     | 19331 ||| Stepping ~*~*~tactically~*~*~ (stealth).
 19436 | D:11     | 19436 ||| Stepping ~*~*~tactically~*~*~ (hiding).
 19698 | D:11     | 19698 ||| INVOKING Heroism.
 20221 | D:11     | 20221 ||| PLANNING D
 20221 | D:11     | 20221 ||| READING scroll labelled TUGECK WAEGID.
 20343 | D:12     | Noticed Nessos
 20344 | D:12     | 20344 ||| INVOKING Finesse.
 20353 | D:12     | Killed Nessos
 20379 | D:12     | 20379 ||| READING scroll of enchant armour.
 20379 | D:12     | 20379 ||| ENCHANTING +1 cloak of preservation.
 20419 | D:12     | 20419 ||| Stepping ~*~*~tactically~*~*~ (hiding).
 20448 | D:12     | Noticed Erolcha
 20449 | D:12     | 20449 ||| INVOKING Heroism.
 20450 | D:12     | 20450 ||| INVOKING Finesse.
 20460 | D:12     | Killed Erolcha
 20523 | D:12     | 20523 ||| INVOKING Heroism.
 20525 | D:12     | 20525 ||| INVOKING Finesse.
 20584 | D:12     | Reached skill level 15 in Axes
 20697 | D:12     | Found a portal to a secret trove of treasure.
 20796 | D:12     | Noticed Urug
 20797 | D:12     | 20797 ||| INVOKING Heroism.
 20798 | D:12     | 20798 ||| INVOKING Finesse.
 20812 | D:12     | Noticed Kirke
 20816 | D:12     | Killed Urug
 20817 | D:12     | Reached XP level 15. HP: 94/94 MP: 22/22
 20832 | D:12     | Killed Kirke
 20944 | D:12     | 20944 ||| DROPPING +1 war axe of flaming.
 21235 | D:12     | 21235 ||| DRINKING 2 amethyst potions.
 21236 | D:12     | 21236 ||| READING 11 scrolls of identify.
 21236 | D:12     | 21236 ||| IDENTIFYING dark potion
 21275 | D:13     | 21275 ||| INVOKING Heroism.
 21277 | D:13     | 21277 ||| SWAPPING to +3 broad axe of flaming.
 21281 | D:13     | 21281 ||| Stepping ~*~*~tactically~*~*~ (stealth).
 21285 | D:13     | 21285 ||| SWAPPING to +5 broad axe "Xirodgh" {venom, rPois
                  | rCorr Str+2}.
 21312 | D:13     | 21312 ||| Stepping ~*~*~tactically~*~*~ (hiding).
 21314 | D:13     | 21314 ||| Stepping ~*~*~tactically~*~*~ (hiding).
 21395 | D:13     | 21395 ||| Stepping ~*~*~tactically~*~*~ (hiding).
 21396 | D:13     | 21396 ||| Stepping ~*~*~tactically~*~*~ (hiding).
 21397 | D:13     | 21397 ||| Stepping ~*~*~tactically~*~*~ (hiding).
 21402 | D:13     | 21402 ||| INVOKING Heroism.
 21457 | D:13     | Found a transporter.
 21469 | D:13     | 21469 ||| Stepping ~*~*~tactically~*~*~ (hiding).
 21472 | D:13     | 21472 ||| INVOKING Heroism.
 21479 | D:13     | 21479 ||| Stepping ~*~*~tactically~*~*~ (hiding).
 21480 | D:13     | 21480 ||| Stepping ~*~*~tactically~*~*~ (hiding).
 21499 | D:13     | Received a gift from Okawaru
 21553 | D:13     | Found a transporter.
 21555 | D:13     | Found a transporter.
 21614 | D:13     | 21614 ||| Stepping ~*~*~tactically~*~*~ (stealth).
 21866 | D:13     | 21866 ||| INVOKING Heroism.
 21894 | D:13     | Received a gift from Okawaru
 21915 | D:13     | 21915 ||| INVOKING Heroism.
 21937 | D:13     | Found a gate to the Vaults.
 21938 | D:13     | 21938 ||| INVOKING Heroism.
 21951 | D:13     | Reached skill level 6 in Throwing
 22124 | D:13     | Found a transporter.
 22125 | D:13     | 22125 ||| DROPPING ring of positive energy.
 22164 | D:14     | 22164 ||| FLEEEEING.
 22165 | D:14     | 22165 ||| FLEEEEING.
 22166 | D:14     | 22166 ||| FLEEEEING.
 22167 | D:14     | 22167 ||| FLEEEEING.
 22168 | D:14     | 22168 ||| FLEEEEING.
 22172 | D:14     | 22172 ||| FLEEEEING.
 22173 | D:14     | 22173 ||| FLEEEEING.
 22174 | D:14     | 22174 ||| FLEEEEING.
 22175 | D:14     | 22175 ||| FLEEEEING.
 22176 | D:14     | 22176 ||| FLEEEEING.
 22177 | D:14     | 22177 ||| FLEEEEING.
 22178 | D:14     | 22178 ||| FLEEEEING.
 22179 | D:14     | 22179 ||| FLEEEEING.
 22180 | D:14     | 22180 ||| FLEEEEING.
 22252 | D:14     | 22252 ||| INVOKING Heroism.
 22255 | D:14     | Reached skill level 12 in Fighting
 22286 | D:14     | Received a gift from Okawaru
 22330 | D:14     | 22330 ||| INVOKING Heroism.
 22482 | D:14     | Found Judaham's Weapon Shop.
 22540 | D:14     | 22540 ||| INVOKING Heroism.
 22891 | D:15     | Entered Level 15 of the Dungeon
 22892 | D:15     | 22892 ||| Stepping ~*~*~tactically~*~*~ (hiding).
 22897 | D:15     | 22897 ||| STAIRDANCE
 23004 | D:15     | 23004 ||| Stepping ~*~*~tactically~*~*~ (hiding).
 23006 | D:15     | 23006 ||| STAIRDANCE
 23023 | D:15     | 23023 ||| Stepping ~*~*~tactically~*~*~ (hiding).
 23025 | D:15     | 23025 ||| STAIRDANCE
 23130 | D:15     | 23130 ||| STAIRDANCE
 23177 | D:15     | 23177 ||| INVOKING Heroism.
 23178 | D:15     | 23178 ||| INVOKING Finesse.
 23179 | D:15     | 23179 ||| SWAPPING to +3 broad axe of flaming.
 23186 | D:15     | Identified the +0 pair of boots of Idealism {Rampage}
                  | (Okawaru gifted it to you on level 15 of the Dungeon)
 23186 | D:15     | Received a gift from Okawaru
 23187 | D:15     | 23187 ||| SWAPPING to +5 broad axe "Xirodgh" {venom, rPois
                  | rCorr Str+2}.
 23222 | D:15     | 23222 ||| Stepping ~*~*~tactically~*~*~ (stealth).
 23232 | D:15     | Reached skill level 16 in Axes
 23232 | D:15     | 23232 ||| INVOKING Heroism.
 23564 | D:15     | 23564 ||| INVOKING Heroism.
 23688 | D:15     | 23688 ||| Stepping ~*~*~tactically~*~*~ (hiding).
 24007 | D:15     | 24007 ||| INVOKING Heroism.
 24110 | D:15     | 24110 ||| Stepping ~*~*~tactically~*~*~ (hiding).
 24111 | D:15     | 24111 ||| Stepping ~*~*~tactically~*~*~ (hiding).
 24230 | D:15     | 24230 ||| Stepping ~*~*~tactically~*~*~ (stealth).
 24232 | D:15     | 24232 ||| Stepping ~*~*~tactically~*~*~ (stealth).
 24234 | D:15     | 24234 ||| Stepping ~*~*~tactically~*~*~ (hiding).
 24237 | D:15     | 24237 ||| INVOKING Heroism.
 24248 | D:15     | Reached XP level 16. HP: 96/101 MP: 23/23
 24433 | D:15     | Found a staircase to the Depths.
 24436 | D:15     | 24436 ||| INVOKING Heroism.
 24659 | D:15     | 24659 ||| PLANNING ORC
 24659 | D:15     | 24659 ||| UPGRADING to +0 pair of boots of Idealism
                  | {Rampage}.
 24664 | D:15     | 24664 ||| READING scroll labelled KUGAVE ETOLAN.
 24770 | Orc:1    | Entered Level 1 of the Orcish Mines
 24783 | Orc:1    | 24783 ||| Stepping ~*~*~tactically~*~*~ (hiding).
 24784 | Orc:1    | 24784 ||| Stepping ~*~*~tactically~*~*~ (hiding).
 24785 | Orc:1    | 24785 ||| Stepping ~*~*~tactically~*~*~ (hiding).
 24787 | Orc:1    | 24787 ||| INVOKING Heroism.
 24836 | Orc:1    | 24836 ||| Stepping ~*~*~tactically~*~*~ (hiding).
 24855 | Orc:1    | 24855 ||| INVOKING Heroism.
 25045 | Orc:2    | Entered Level 2 of the Orcish Mines
 25045 | Orc:2    | Found a staircase to the Elven Halls.
 25051 | Orc:2    | Noticed Josephine
 25067 | Orc:2    | 25067 ||| Stepping ~*~*~tactically~*~*~ (stealth).
 25069 | Orc:2    | 25069 ||| Stepping ~*~*~tactically~*~*~ (hiding).
 25072 | Orc:2    | 25072 ||| INVOKING Heroism.
 25076 | Orc:2    | Killed Josephine
 25129 | Orc:2    | 25129 ||| Stepping ~*~*~tactically~*~*~ (hiding).
 25177 | Orc:2    | 25177 ||| Stepping ~*~*~tactically~*~*~ (stealth).
 25179 | Orc:2    | 25179 ||| Stepping ~*~*~tactically~*~*~ (hiding).
 25183 | Orc:2    | 25183 ||| INVOKING Heroism.
 25188 | Orc:2    | Received a gift from Okawaru
 25227 | Orc:2    | 25227 ||| Stepping ~*~*~tactically~*~*~ (stealth).
 25228 | Orc:2    | 25228 ||| Stepping ~*~*~tactically~*~*~ (stealth).
 25230 | Orc:2    | 25230 ||| Stepping ~*~*~tactically~*~*~ (hiding).
 25233 | Orc:2    | 25233 ||| Stepping ~*~*~tactically~*~*~ (hiding).
 25251 | Orc:2    | 25251 ||| INVOKING Heroism.
 25386 | Orc:2    | 25386 ||| INVOKING Heroism.
 25471 | Orc:2    | 25471 ||| INVOKING Heroism.
 25618 | Orc:2    | Noticed Donald
 25619 | Orc:2    | 25619 ||| INVOKING Heroism.
 25621 | Orc:2    | 25621 ||| INVOKING Finesse.
 25632 | Orc:2    | Killed Donald
 25635 | Orc:2    | 25635 ||| Stepping ~*~*~tactically~*~*~ (hiding).
 25654 | Orc:2    | 25654 ||| Stepping ~*~*~tactically~*~*~ (stealth).
 25656 | Orc:2    | 25656 ||| Stepping ~*~*~tactically~*~*~ (stealth).
 25681 | Orc:2    | 25681 ||| Stepping ~*~*~tactically~*~*~ (stealth).
 25683 | Orc:2    | 25683 ||| Stepping ~*~*~tactically~*~*~ (hiding).
 25684 | Orc:2    | 25684 ||| Stepping ~*~*~tactically~*~*~ (hiding).
 25696 | Orc:2    | 25696 ||| INVOKING Heroism.
 25732 | Orc:2    | 25732 ||| Stepping ~*~*~tactically~*~*~ (hiding).
 25749 | Orc:2    | 25749 ||| INVOKING Heroism.
 25755 | Orc:2    | Reached skill level 15 in Armour
 25853 | Orc:2    | 25853 ||| Stepping ~*~*~tactically~*~*~ (stealth).
 25853 | Orc:2    | Found Isodaeg's Distillery.
 25853 | Orc:2    | Found Havech's General Store.
 25853 | Orc:2    | Found Caoxihoobe's Assorted Antiques.
 25861 | Orc:2    | 25861 ||| Stepping ~*~*~tactically~*~*~ (stealth).
 26168 | Orc:2    | 26168 ||| Stepping ~*~*~tactically~*~*~ (stealth).
 26169 | Orc:2    | 26169 ||| Stepping ~*~*~tactically~*~*~ (stealth).
 26171 | Orc:2    | 26171 ||| INVOKING Heroism.
 26243 | Orc:2    | Found Ifavitwe's Magic Scroll Boutique.
 26246 | Orc:2    | 26246 ||| BUYING potion of cancellation (128 gold).
 26246 | Orc:2    | Bought a potion of cancellation for 128 gold pieces
 26246 | Orc:2    | 26246 ||| BUYING potion of curing (48 gold).
 26246 | Orc:2    | Bought a potion of curing for 48 gold pieces
 26246 | Orc:2    | 26246 ||| BUYING potion of lignification (48 gold).
 26246 | Orc:2    | Bought a potion of lignification for 48 gold pieces
 26246 | Orc:2    | 26246 ||| BUYING potion of might (64 gold).
 26246 | Orc:2    | Bought a potion of might for 64 gold pieces
 26246 | Orc:2    | 26246 ||| BUYING potion of might (64 gold).
 26246 | Orc:2    | Bought a potion of might for 64 gold pieces
 26247 | Orc:2    | 26247 ||| BUYING scroll of enchant armour (120 gold).
 26247 | Orc:2    | Bought a scroll of enchant armour for 120 gold pieces
 26247 | Orc:2    | 26247 ||| BUYING scroll of teleportation (48 gold).
 26247 | Orc:2    | Bought a scroll of teleportation for 48 gold pieces
 26249 | Orc:2    | 26249 ||| Stepping ~*~*~tactically~*~*~ (hiding).
 26250 | Orc:2    | 26250 ||| BUYING notched ruby ring (160 gold).
 26250 | Orc:2    | Bought a notched ruby ring for 160 gold pieces
 26250 | Orc:2    | 26250 ||| BUYING potion of curing (96 gold).
 26250 | Orc:2    | Bought a potion of curing for 96 gold pieces
 26250 | Orc:2    | 26250 ||| BUYING potion of might (128 gold).
 26250 | Orc:2    | Bought a potion of might for 128 gold pieces
 26250 | Orc:2    | 26250 ||| BUYING potion of mutation (256 gold).
 26250 | Orc:2    | Bought a potion of mutation for 256 gold pieces
 26250 | Orc:2    | 26250 ||| BUYING scroll of enchant armour (240 gold).
 26250 | Orc:2    | Bought a scroll of enchant armour for 240 gold pieces
 26253 | Orc:2    | 26253 ||| INVOKING Heroism.
 26358 | Orc:2    | 26358 ||| DROPPING ring of flight.
 26406 | Orc:1    | 26406 ||| INVOKING Heroism.
 26451 | Orc:1    | 26451 ||| Stepping ~*~*~tactically~*~*~ (stealth).
 26455 | Orc:1    | 26455 ||| INVOKING Heroism.
 26520 | Orc:1    | 26520 ||| Stepping ~*~*~tactically~*~*~ (stealth).
 26528 | Orc:1    | 26528 ||| Stepping ~*~*~tactically~*~*~ (hiding).
 26653 | Orc:1    | Noticed Sonja
 26654 | Orc:1    | 26654 ||| INVOKING Finesse.
 26663 | Orc:1    | Killed Sonja
 26851 | Orc:1    | 26851 ||| INVOKING Heroism.
 26887 | Orc:1    | 26887 ||| PLANNING SPIDER:1-3
 27058 | Spider:1 | Entered Level 1 of the Spider Nest
 27087 | Spider:1 | 27087 ||| Stepping ~*~*~tactically~*~*~ (stealth).
 27092 | Spider:1 | 27092 ||| INVOKING Heroism.
 27118 | Spider:1 | 27118 ||| Stepping ~*~*~tactically~*~*~ (stealth).
 27203 | Spider:1 | 27203 ||| Stepping ~*~*~tactically~*~*~ (stealth).
 27227 | Spider:1 | 27227 ||| INVOKING Heroism.
 27244 | Spider:1 | Identified the +6 broad axe of Eternal Vigilance {vorpal,
                  | Int+3} (Okawaru gifted it to you on level 1 of the Spider
                  | Nest)
 27244 | Spider:1 | Received a gift from Okawaru
 27250 | Spider:1 | 27250 ||| Stepping ~*~*~tactically~*~*~ (stealth).
 27305 | Spider:1 | 27305 ||| Stepping ~*~*~tactically~*~*~ (stealth).
 27306 | Spider:1 | 27306 ||| Stepping ~*~*~tactically~*~*~ (stealth).
 27370 | Spider:1 | 27370 ||| Stepping ~*~*~tactically~*~*~ (stealth).
 27371 | Spider:1 | 27371 ||| Stepping ~*~*~tactically~*~*~ (stealth).
 27372 | Spider:1 | 27372 ||| Stepping ~*~*~tactically~*~*~ (stealth).
 27386 | Spider:1 | 27386 ||| Stepping ~*~*~tactically~*~*~ (stealth).
 27429 | Spider:1 | 27429 ||| DROPPING +6 broad axe of Eternal Vigilance
                  | {vorpal, Int+3}.
 27460 | Spider:1 | 27460 ||| Stepping ~*~*~tactically~*~*~ (stealth).
 27528 | Spider:1 | 27528 ||| Stepping ~*~*~tactically~*~*~ (stealth).
 27562 | Spider:1 | 27562 ||| Stepping ~*~*~tactically~*~*~ (stealth).
 27563 | Spider:1 | 27563 ||| Stepping ~*~*~tactically~*~*~ (stealth).
 27566 | Spider:1 | 27566 ||| Stepping ~*~*~tactically~*~*~ (stealth).
 27572 | Spider:1 | 27572 ||| INVOKING Heroism.
 27591 | Spider:1 | 27591 ||| Stepping ~*~*~tactically~*~*~ (stealth).
 27597 | Spider:1 | 27597 ||| Stepping ~*~*~tactically~*~*~ (stealth).
 27613 | Spider:1 | 27613 ||| Stepping ~*~*~tactically~*~*~ (stealth).
 27629 | Spider:1 | 27629 ||| Stepping ~*~*~tactically~*~*~ (stealth).
 27637 | Spider:1 | 27637 ||| INVOKING Heroism.
 28022 | Spider:1 | Reached skill level 17 in Axes
 28280 | Spider:1 | 28280 ||| Stepping ~*~*~tactically~*~*~ (stealth).
 28295 | Spider:1 | 28295 ||| Stepping ~*~*~tactically~*~*~ (stealth).
 28306 | Spider:1 | 28306 ||| Stepping ~*~*~tactically~*~*~ (hiding).
 28310 | Spider:1 | 28310 ||| INVOKING Heroism.
 28526 | Spider:1 | 28526 ||| DROPPING amulet of faith.
 28552 | Spider:2 | 28552 ||| STAIRDANCE
 28595 | Spider:2 | 28595 ||| STAIRDANCE
 28657 | Spider:2 | 28657 ||| INVOKING Finesse.
 28667 | Spider:2 | 28667 ||| INVOKING Heroism.
 28685 | Spider:2 | Received a gift from Okawaru
 28705 | Spider:2 | Identified the +1 robe of Qeuhaus {rPois Dex+4} (Okawaru
                  | gifted it to you on level 2 of the Spider Nest)
 28705 | Spider:2 | Received a gift from Okawaru
 28706 | Spider:2 | HP: 26/104 [boulder beetle (30)]
 28707 | Spider:2 | Reached XP level 17. HP: 27/108 MP: 24/24
 28707 | Spider:2 | 28707 ||| READING 9 scrolls of teleportation.
 28708 | Spider:2 | 28708 ||| DRINKING potion of heal wounds.
 28715 | Spider:2 | 28715 ||| Stepping ~*~*~tactically~*~*~ (stealth).
 28716 | Spider:2 | 28716 ||| Stepping ~*~*~tactically~*~*~ (stealth).
 28719 | Spider:2 | Reached skill level 3 in Dodging
 28728 | Spider:2 | HP: 15/108 [broodmother (14)]
 28729 | Spider:2 | 28729 ||| READING 8 scrolls of teleportation.
 28729 | Spider:2 | HP: 5/108 [redback[a broodmother] (10)]
 28742 | Spider:2 | 28742 ||| READING 7 scrolls of teleportation.
 28744 | Spider:2 | 28744 ||| INVOKING Heroism.
 28748 | Spider:2 | 28748 ||| READING 6 scrolls of teleportation.
 28752 | Spider:2 | 28752 ||| READING 5 scrolls of teleportation.
 28753 | Spider:2 | HP: 6/108 [jumping spider (5)]
 28757 | Spider:2 | 28757 ||| READING 4 scrolls of teleportation.
 28759 | Spider:2 | HP: 2/108 [redback (5)]
 28761 | Spider:2 | 28761 ||| READING 3 scrolls of teleportation.
 28765 | Spider:2 | 28765 ||| READING 2 scrolls of teleportation.
 28766 | Spider:2 | Mangled by a broodmother

Levels and vault maps discovered:
D:1:      dpeg_arrival_simpleton_a, layout_basic, serial_bayou_lagoon_a,
          columned_hall_lemuel
D:2:      layout_basic, serial_shops, shop, item_on_display_a
D:3:      minmay_chambers_of_twos, layout_basic, okawaru_gym_becter,
          nicolae_overflow_hidden_temple, lemuel_round_altar
D:4:      layout_loops_ring, minmay_temple_entry_large_hall, uniq_pikel,
          uniq_edmund
D:5:      layout_basic, nicolae_overflow_squiral, mainiacjoe_overflow_brackets
D:6:      minmay_cornered_nines, layout_loops_ring
D:7:      layout_loops_ring, nicolae_overflow_crystal_walls
D:8:      layout_rooms, overflow_temple_1_default, serial_shops, shop,
          nicolae_shop_stone, shop, shop, uniq_grum
D:9:      layout_basic, mainiacjoe_overflow_catwalk, cheibriados_altar_1,
          evilmike_ruin_ashenzari, minmay_lair_entry_grove,
          hangedman_minor_gate_pass
D:10:     minmay_distorted_concentric_squares, layout_gridville,
          mainiacjoe_overflow_chevrons, minmay_orc_entry_guard_dogs
D:11:     layout_cave_pods, nicolae_straight_to_the_point
D:12:     layout_long_grid, enter_trove_6, uniq_nessos, uniq_urug, uniq_erolcha,
          uniq_kirke
D:13:     layout_roguey, grunt_vaults_entry_tiered, nicolae_diode_intersection
D:14:     layout_long_grid, serial_shops, nicolae_shop_bloodbath_and_beyond,
          nrook_pool_corridor
D:15:     hangedman_depths_entry_try_elsewhere_first, layout_layer_cave
Lair:1:   layout_loops_ring, hangedman_tree_tricks, beast_lair_carwin_2
Lair:2:   layout_regular_city, gammafunk_ghost_ooze, portal_ice_cave_entry_imps,
          forest_entry_grove
Lair:3:   layout_regular_city, minmay_swamp_entry_worms, spider_nest_entry_webs,
          gammafunk_ghost_hive, infiniplex_staircase_pool_2
Lair:4:   layout_misc_corridors, gauntlet_entry_generic
Lair:5:   cheibrodos_lair_end_hotspot, layout_regular_city,
          minmay_slime_entry_oklob_open, gammafunk_ghost_wrathful_warriors,
          nicolae_lair_lakeside_cave
Spider:1: layout_spider_delve, nicolae_spider_jagged_tunnels
Spider:2: layout_spider_delve, drop_trap, nicolae_spider_webbed_stairs
Orc:1:    layout_diamond_mine, uniq_sonja
Orc:2:    st_orc_mages, layout_diamond_mine, uniq_donald, uniq_josephine

Skill      XL: |  1  2  3  4  5  6  7  8  9 10 11 12 13 14 15 16 17 |
---------------+----------------------------------------------------+-----
Axes           | 2 3 4 5 7 8 9 11 12 13 15 16 17 | 17.3
Throwing       | 1 2 4 6 7 |  7.0
Fighting       | 4 6 7 8 9 10 11 12 13 | 13.0
Dodging        | 1 2 3 |  3.0
Invocations    | 4 6 9 10 | 10.0
Shields        | 4 7 9 10 11 12 13 | 13.0
Armour         | 4 6 8 11 12 13 15 | 15.0

Action                   |  1- 3 |  4- 6 |  7- 9 | 10-12 | 13-15 | 16-18 || total
-------------------------+-------+-------+-------+-------+-------+-------++-------
Melee: War axe           |   100 |   204 |   292 |   584 |    51 |       ||  1231
       Broad axe         |       |       |       |       |   830 |   554 ||  1384
Throw: Boomerang         |       |    29 |       |    45 |    94 |    13 ||   181
       Javelin           |       |       |       |       |    62 |    58 ||   120
Invok: Heroism           |       |       |    13 |    29 |    40 |    23 ||   105
       Finesse           |       |       |       |     5 |    14 |     3 ||    22
  Use: Scroll            |     3 |     3 |     5 |    16 |     4 |     9 ||    40
       Potion            |       |     2 |     1 |       |     4 |     1 ||     8
 Stab: Distracted        |       |       |       |     3 |       |       ||     3
       Petrified         |       |       |       |       |     5 |       ||     5
Armor: Scale mail        |    56 |   104 |     2 |       |       |       ||   162
       Chain mail        |       |       |   146 |    57 |       |       ||   203
       Plate armour      |       |       |       |   257 |       |       ||   257
       Crystal plate arm |       |       |       |    20 |   452 |   194 ||   666
Dodge: Dodged            |    51 |    89 |    89 |   150 |   175 |    88 ||   642
Block: Buckler           |    20 |    33 |    43 |    26 |       |       ||   122
       Kite shield       |       |       |       |   225 |   549 |   335 ||  1109
       Reflection        |       |       |       |       |    39 |     2 ||    41

Table legend:
 A = Non-vault XP
 B = Vault XP
 C = Vault XP percentage of total XP
 D = Non-vault monster count
 E = Vault monster count
 F = Vault count percentage of total count
                 A         B        C        D         E       F
            +---------+---------+-------+---------+---------+-------
      Total |  129743 |   59760 |  31.5 |     584 |     229 |  28.2
            +---------+---------+-------+---------+---------+-------
        D:1 |      43 |       0 |   0.0 |      26 |       0 |   0.0
        D:2 |      93 |       0 |   0.0 |      18 |       0 |   0.0
        D:3 |     317 |      23 |   6.8 |      30 |       8 |  21.1
        D:4 |     132 |     770 |  85.4 |      13 |       2 |  13.3
        D:5 |     771 |       0 |   0.0 |      18 |       0 |   0.0
        D:6 |     797 |    1232 |  60.7 |      27 |       3 |  10.0
        D:7 |     696 |       0 |   0.0 |      22 |       0 |   0.0
        D:8 |    2197 |     413 |  15.8 |      26 |       3 |  10.3
        D:9 |     863 |    3599 |  80.7 |      12 |      21 |  63.6
       D:10 |     811 |    1991 |  71.1 |       8 |       9 |  52.9
       D:11 |    2726 |       0 |   0.0 |      20 |       0 |   0.0
       D:12 |    2455 |    4943 |  66.8 |       5 |       9 |  64.3
       D:13 |    9285 |    7247 |  43.8 |      16 |      25 |  61.0
       D:14 |    8515 |       0 |   0.0 |      17 |       0 |   0.0
       D:15 |   17303 |    2153 |  11.1 |      31 |       4 |  11.4
     Lair:1 |    5945 |    2460 |  29.3 |      27 |       6 |  18.2
     Lair:2 |    8952 |    1233 |  12.1 |      19 |      19 |  50.0
     Lair:3 |   10243 |     376 |   3.5 |      26 |       2 |   7.1
     Lair:4 |    9107 |       0 |   0.0 |      27 |       0 |   0.0
     Lair:5 |    9027 |   13032 |  59.1 |      31 |      43 |  58.1
   Spider:1 |   14831 |    7808 |  34.5 |      50 |      16 |  24.2
   Spider:2 |   15600 |       0 |   0.0 |      41 |       0 |   0.0
      Orc:1 |    6891 |     785 |  10.2 |      46 |       1 |   2.1
      Orc:2 |    2143 |    8036 |  78.9 |      28 |      46 |  62.2
   Gauntlet |       0 |    3659 | 100.0 |       0 |      12 | 100.0
            +---------+---------+-------+---------+---------+-------
